 Dungeon Crawl Stone Soup version 0.29-a0-323-g050149af67 (webtiles) character file.

Game seed: 9778696893237766515

45 siradein the Magician (level 3, -1/27 HPs)
             Began as a Djinni Necromancer on Apr 11, 2022.
             Slain by Robin
             ... wielding a +0 falchion
              (2 damage)
             ... on level 1 of the Dungeon.
             The game lasted 00:05:11 (2455 turns).

siradein the Magician (Djinni Necromancer)          Turns: 2455, Time: 00:05:12

Health: -1/27      AC:  2    Str:  7    XL:     3   Next: 90%
Gold:   64         EV: 12    Int: 18    God:
                   SH:  0    Dex: 13

rFire   + + +      SeeInvis .   g - +0 rapier
rCold   . . .      Faith    .   (no shield)
rNeg    . . .      Spirit   .   a - +0 robe
rPois   ∞          Reflect  .   (no helmet)
rElec   .          Harm     .   f - scarf {rC+ rF+}
rCorr   .          Rampage  .   (no gloves)
Will    .....                   (boots unavailable)
Stlth   ++........              (no amulet)
HPRegen 0.09/turn               (no ring)
MPRegen 0.00/turn               (no ring)

@: flying
A: sickness immunity, fire resistance 2, cold vulnerability 1, float, innate
caster, HP casting, extra vitality 1
a: no special abilities


You were on level 1 of the Dungeon.
You visited 1 branch of the dungeon, and saw 2 of its levels.

You collected 64 gold pieces.

Inventory:

Hand Weapons
 g - a +0 rapier (weapon)
Armour
 a - a +0 robe (worn)
 f - a scarf of resistance (worn)
Scrolls
 b - a scroll of noise {unknown}
 c - a scroll of vulnerability {unknown}
Potions
 d - 2 potions of haste {unknown}
 e - a potion of berserk rage {unknown}


   Skills:
 + Level 1.2 Fighting
 + Level 2.8 Dodging
 - Level 1.5 Stealth
 * Level 3.7 Spellcasting


You couldn't memorise any spells.
You knew the following spells:

 Your Spells              Type           Power      Damage    Failure   Level
a - Pain                  Necr           68%        1d7       3%          1
b - Animate Skeleton      Necr           34%        N/A       3%          1
c - Vampiric Draining     Necr           17%        2d7       10%         3
d - Animate Dead          Necr           8%         N/A       32%         4
e - Agony                 Necr           17%        N/A       65%         5
f - Summon Small Mammal   Summ           68%        N/A       3%          1
Your spell library was empty.

Dungeon Overview and Level Annotations

Branches:
Dungeon (2/15)

Altars:

Shops:
D:1 *

Annotations:
D:1 Robin


Innate Abilities, Weirdness & Mutations

You are immune to sickness and miasma.
You are immune to poison.
Your flesh is very heat resistant. (rF++)
You are vulnerable to cold. (rC-)
You float through the air rather than walking.
You learn spells naturally, not from books.
Your magical power is your life essence.
You have superior vitality. (+4 MHP)


Message History

Casting: Pain (safe; 3% risk of failure)
Confirm with . or Enter, or press ? or * to list all spells.
You attempt to give life to the dead...
Before your eyes, flesh is ripped from the corpse!
The dead are walking!
* * * LOW HITPOINT WARNING * * *
Robin closely misses you.
Casting: Animate Skeleton (safe; 3% risk of failure)
Confirm with . or Enter, or press ? or * to list all spells.
Aiming: Pain (safe; 3% risk of failure)
Press: ? - help, Shift-Dir - straight line, f/p - Robin
Aim: Robin, wielding a +0 falchion, wearing a +0 animal skin and wearing a +0 helmet (moderately wounded, ally target, chance to affect: 81%) Robin barely resists.
* * * LOW HITPOINT WARNING * * *
Robin closely misses you.
Casting: Pain (safe; 3% risk of failure)
Confirm with . or Enter, or press ? or * to list all spells.
Aiming: Pain (safe; 3% risk of failure)
Press: ? - help, Shift-Dir - straight line, f/p - Robin
Aim: Robin, wielding a +0 falchion, wearing a +0 animal skin and wearing a +0 helmet (moderately wounded, ally target, chance to affect: 81%) Robin barely resists.
* * * LOW HITPOINT WARNING * * *
Robin hits you with a +0 falchion.
* * * LOW HITPOINT WARNING * * *
Your goblin skeleton hits Robin with a +0 dagger.
Unknown command.
Casting: Pain (safe; 3% risk of failure)
Confirm with . or Enter, or press ? or * to list all spells.
You don't have enough health to cast this spell.
Unknown command.
Unknown command.
Casting: Pain (safe; 3% risk of failure)
Confirm with . or Enter, or press ? or * to list all spells.
You don't have enough health to cast this spell.
Unknown command.
Unknown command.
You closely miss Robin.
Robin is moderately wounded.
Robin hits you with a +0 falchion.
You die...

#.# #'# #.# #.#
#.###.# #.#
#.....# #.#
#####.. #.# ###
#.# #.# #.# #@#
#g# ### #Z# #..
#># #.#
#)##############.#
#................#
##################


You could see Robin (ally target) and a friendly goblin skeleton.

Vanquished Creatures
  2 adders (D:2)
  A bat (D:1)
  2 endoplasms (D:1)
  A giant cockroach (D:1)
  10 goblins
  2 hobgoblins
  2 quokkas
  4 rats (D:1)
24 creatures vanquished.

Notes
Turn   | Place    | Note
-------+----------+-------------------------------------------
     0 | D:1      | siradein the Djinni Necromancer began the quest for the
                  | Orb.
     0 | D:1      | Reached XP level 1. HP: 15/15 MP: 0/0
   159 | D:1      | Found Tiwuacs's Assorted Antiques.
   533 | D:1      | Reached XP level 2. HP: 13/22 MP: 0/0
  1347 | D:1      | Found a faded altar of an unknown god.
  1404 | D:2      | Reached skill level 1 in Fighting
  1404 | D:2      | Reached XP level 3. HP: 20/27 MP: 0/0
  1404 | D:2      | Learned a level 1 spell: Summon Small Mammal
  1664 | D:2      | Noticed Robin
  2454 | D:1      | HP: 1/27 [Robin/+0 falchion (1)]
  2455 | D:1      | Slain by Robin

Illustrated notes

Levels and vault maps discovered:
D:1:      minmay_arrival_doors, layout_loops_ring,
          chequers_ecumenical_altar_lobes, serial_shops, shop
D:2:      layout_basic, serial_shops, nicolae_square_shop, uniq_robin

Skill      XL: |  1  2 |
---------------+-------+-----
Fighting       | 1 |  1.2
Dodging        | |  2.8
Stealth        | |  1.5
Spellcasting   | |  3.7

Action                   || total
-------------------------++-------
Melee: Rapier            ||     1
 Cast: Pain              ||    52
       Animate Skeleton  ||     1
Armor: Robe              ||     4
Dodge: Dodged            ||    16

Table legend: (Time is in decaauts)
 A = Elapsed time spent in this place.
 B = Non-inter-level travel time spent in this place.
 C = Inter-level travel time spent in this place.
 D = Time resting spent in this place.
 E = Time spent auto-exploring this place.
 F = Levels seen in this place.
 G = Mean time per level.
                   A        B        C        D        E       F      G
               +--------+--------+--------+--------+--------+-----+--------+
         Total |   2458 |   2410 |     48 |    753 |   1485 |   2 | 1229.0 |
       Dungeon |   2458 |   2410 |     48 |    753 |   1485 |   2 | 1229.0 |
               +--------+--------+--------+--------+--------+-----+--------+

Top non-repeatable levels by time:
     D:1: 2169 daAuts
     D:2: 289 daAuts
